 Dungeon Crawl Stone Soup version 0.30-a0-134-gb40fab5c76 (webtiles) character file.

Game seed: 4782778293362901428

35 ytrimaz the Shield-Bearer (level 3, 0/30 HPs)
             Began as a Formicid Fighter on Sept 19, 2022.
             Slain by an endoplasm (3 damage)
             ... on level 2 of the Dungeon.
             The game lasted 00:00:46 (804 turns).

ytrimaz the Shield-Bearer (Formicid Fighter)         Turns: 804, Time: 00:00:46

Health: 0/30       AC: 11    Str: 22    XL:     3   Next: 52%
Magic:  3/3        EV:  9    Int:  7    God:
Gold:   44         SH:  5    Dex: 13    Spells: 2/2 levels left

rFire   . . .      SeeInvis +    a - +0 war axe
rCold   . . .      Faith    .    c - +0 buckler
rNeg    . . .      Spirit   .    b - +0 scale mail
rPois   .          Reflect  .    (helmet unavailable)
rElec   .          Harm     .    (no cloak)
rCorr   .          Rampage  .    (no gloves)
Will    .....                    (no boots)
Stlth   ..........               (no amulet)
HPRegen 0.10/turn                f - +4 ring of protection
MPRegen 0.08/turn                (no ring)

@: mighty, invisible
A: permanent stasis, dig shafts and tunnels, antennae 3, four strong arms
a: Dig, Shaft Self


You were on level 2 of the Dungeon.
You visited 1 branch of the dungeon, and saw 2 of its levels.

You collected 44 gold pieces.


Innate Abilities, Weirdness & Mutations

You cannot be hasted, slowed, berserked, paralysed or teleported.
You can dig through walls and to a lower floor.
You have a pair of large antennae on your head. (SInv)
Your four strong arms can wield two-handed weapons with a shield.


   Skills:
 + Level 3.9 Fighting
 + Level 2.6 Axes
 + Level 3.8 Armour
 - Level 4.0 Shields


You had 2 spell levels left.
You didn't know any spells.
Your spell library contained the following spells:

 Spells                   Type           Power      Damage    Failure   Level
 Alistair's Intoxication  Tmut/Pois      0%         N/A       100%        5
 Borgnjor's Vile Clutch   Necr/Erth      0%         N/A       100%        5
 Eringya's Noxious Bog    Tmut/Pois      0%         N/A       100%        6

Inventory:

Hand Weapons
 a - a +0 war axe (weapon)
Armour
 b - a +0 scale mail (worn)
 c - a +0 buckler (worn)
Jewellery
 f - a +4 ring of protection (left hand)
   (You found it on level 1 of the Dungeon)
Scrolls
 i - a scroll of vulnerability {unknown}
Potions
 g - a potion of mutation {unknown}
 h - 2 potions of haste {unknown}
 j - a potion of brilliance {unknown}

Dungeon Overview and Level Annotations

Branches:
Dungeon (2/15) Zot: 11167

Altars:

Annotations:
D:2 Terence

.# .# #####.####.
######.........
...##.......#
###.##.......#
#...J@.......#
#.....@#.......#
......#.##...[...#
.###..####...><..#
#. ######### #. .
##


You could see Terence (unable to see you) and an endoplasm.


Message History

You see here a +0 club.
There is an open door here.
Key pressed, stopping explore.
No target in view!
There is an open door here.
Key pressed, stopping explore.
No target in view!
You see here a ball python corpse.
You see here a giant cockroach corpse.
Key pressed, stopping explore.
Done exploring.
Done exploring.
f - a +4 ring of protection (left hand) Unknown command.
There is a stone staircase leading down here.
You climb downwards.
Found a glowing robe and 5 gold pieces.
Found a stone staircase leading down.
There is a stone staircase leading up here.
Unknown command.
You see here a +1 robe of fire resistance.
You now have 44 gold pieces (gained 5).
A hobgoblin comes into view.
The hobgoblin shouts!
A hobgoblin is nearby!
A hobgoblin is nearby!
Unknown command.
An endoplasm comes into view.
You block the hobgoblin's attack.
The endoplasm quivers.
You hit the hobgoblin but do no damage.
The hobgoblin hits you but does no damage.
Unknown command.
You barely miss the hobgoblin. You block the hobgoblin's attack.
Terence the Incautious comes into view.
He is wielding a +0 mace.
Terence shouts!
You hit the hobgoblin. You block the hobgoblin's attack.
The hobgoblin hits you but does no damage.
You closely miss the hobgoblin. The hobgoblin hits you. 😕 HP[-2]
You take 2 damage, and now have 28/30 hp.
Unknown command.
You slash the hobgoblin!
You kill the hobgoblin!
You hit the endoplasm but do no damage. The endoplasm freezes you.
You are frozen.
The endoplasm freezes you.
You are frozen. 😮 HP[-8]
You take 8 damage, and now have 20/30 hp.
MASSIVE DAMAGE!! (PAUSE)
You barely miss the endoplasm. You hit Terence but do no damage.
The endoplasm hits you. Terence hits you but does no damage.
A bat comes into view. 😮 HP[-2]
You take 2 damage, and now have 18/30 hp.
You are too injured to fight recklessly!
You hit the endoplasm. You closely miss Terence. You block Terence's attack.
The endoplasm freezes you.
You are frozen.
Terence hits you but does no damage. The endoplasm closely misses you.
Unknown command. 😮 HP[-1]
You take 1 damage, and now have 17/30 hp.
You are too injured to fight recklessly!
Unknown command.
The endoplasm attacks as you move away! The endoplasm barely misses you.
The endoplasm attacks as you move away!
The endoplasm hits you but does no damage.
You feel very mighty all of a sudden. The bat hits you but does no damage.
The bat hits you. You block Terence's attack. 😮 HP[-1]
You take 1 damage, and now have 16/30 hp.
You slash the bat!
You kill the bat!
You hit Terence. Terence hits you with a +0 mace.
* * * LOW HITPOINT WARNING * * *
Unknown command. 😨 HP[-3]
You take 3 damage, and now have 13/30 hp.
You completely miss the endoplasm. You barely miss Terence.
Terence hits you but does no damage. The endoplasm freezes you.
You are frozen.
* * * LOW HITPOINT WARNING * * *
The endoplasm freezes you.
You are frozen.
* * * LOW HITPOINT WARNING * * *
Terence hits you with a +0 mace.
* * * LOW HITPOINT WARNING * * *
Unknown command. 😱 HP[-10]
You take 10 damage, and now have 3/30 hp.
MASSIVE DAMAGE!! (PAUSE) It was a potion of invisibility.
You fade into invisibility!
The endoplasm closely misses you. Terence closely misses you.
The endoplasm attacks as you move away! The endoplasm hits you.
You die...

Action                   || total
-------------------------++-------
Melee: War axe           ||    70
  Use: Potion            ||     2
Armor: Scale mail        ||    44
Dodge: Dodged            ||    54
Block: Buckler           ||    25

Levels and vault maps discovered:
D:1:      minmay_arrival_arboretum_small, layout_basic
D:2:      layout_loops_cross, uniq_terence, uniq_jessica

Notes
Turn   | Place    | Note
-------+----------+-------------------------------------------
     0 | D:1      | ytrimaz the Formicid Fighter began the quest for the Orb.
     0 | D:1      | Reached XP level 1. HP: 18/18 MP: 1/1
     0 | D:1      | magus.rc [v1.9.6]
   101 | D:1      | Reached XP level 2. HP: 24/24 MP: 2/2
   137 | D:1      | You add the spells Alistair's Intoxication, Borgnjor's Vile
                  | Clutch and Eringya's Noxious Bog to your library.
   407 | D:1      | Reached XP level 3. HP: 27/30 MP: 3/3
   791 | D:2      | Noticed Terence
   802 | D:2      | HP: 6/30 [frozen (3)]
   804 | D:2      | Slain by an endoplasm

Vanquished Creatures
  A dart slug (D:1)
  2 endoplasms (D:1)
  A giant cockroach (D:1)
  A goblin (D:1)
  3 hobgoblins
  7 jackals (D:1)
  2 kobolds (D:1)
  5 ball pythons (D:1)
  3 bats
  A frilled lizard (D:1)
  2 rats (D:1)
28 creatures vanquished.

Table legend:
 A = Non-vault XP
 B = Vault XP
 C = Vault XP percentage of total XP
 D = Non-vault monster count
 E = Vault monster count
 F = Vault count percentage of total count
                 A         B        C        D         E       F
            +---------+---------+-------+---------+---------+-------
      Total |      50 |       0 |   0.0 |      28 |       0 |   0.0
            +---------+---------+-------+---------+---------+-------
        D:1 |      46 |       0 |   0.0 |      26 |       0 |   0.0
        D:2 |       4 |       0 |   0.0 |       2 |       0 |   0.0
            +---------+---------+-------+---------+---------+-------

Illustrated notes

Table legend:
 A = Kills in this place as a percentage of kills in entire the game.
 B = Kills by you in this place as a percentage of kills by you in the entire game.
 C = Kills by friends in this place as a percentage of kills by friends in the entire game.
 D = Other kills in this place as a percentage of other kills in the entire game.
 E = Experience gained in this place as a percentage of experience gained in the entire game.
 F = Experience gained in this place divided by the number of levels of this place that you have seen.
                   A       B       C       D       E      F
               +-------+-------+-------+-------+-------+----------------------
         Total | 100.0 | 100.0 |   N/A |   N/A | 100.0 |  25.0
       Dungeon | 100.0 | 100.0 |   N/A |   N/A | 100.0 |  25.0
               +-------+-------+-------+-------+-------+----------------------

Table legend: (Time is in decaauts)
 A = Elapsed time spent in this place.
 B = Non-inter-level travel time spent in this place.
 C = Inter-level travel time spent in this place.
 D = Time resting spent in this place.
 E = Time spent auto-exploring this place.
 F = Levels seen in this place.
 G = Mean time per level.
                   A        B        C        D        E       F      G
               +--------+--------+--------+--------+--------+-----+--------+
         Total |    832 |    821 |     11 |      0 |    634 |   2 |  416.0 |
       Dungeon |    832 |    821 |     11 |      0 |    634 |   2 |  416.0 |
               +--------+--------+--------+--------+--------+-----+--------+

Top non-repeatable levels by time:
     D:1: 801 daAuts
     D:2: 30 daAuts
